 Dungeon Crawl Stone Soup version 0.27.1 (webtiles) character file.

Game seed: 10405540759240421350

53 Malachi the Chopper (level 3, 0/31 HPs)
             Began as a Minotaur Berserker on Sept 1, 2021.
             Was a Believer of Trog.
             Slain by Robin (5 damage)
             ... on level 2 of the Dungeon.
             The game lasted 00:01:11 (1490 turns).

Malachi the Chopper (Minotaur Berserker)            Turns: 1490, Time: 00:01:12

Health: 0/31       AC:  5    Str: 22    XL:     3   Next: 62%
Magic:  2/2        EV: 11    Int:  4    God:    Trog [**....]
Gold:   54         SH:  0    Dex:  9    Spells: 2/2 levels left

rFire    . . .     SeeInvis .   a - +0 hand axe
rCold    . . .     Faith    .   (no shield)
rNeg     . . .     Spirit   .   g - +0 ring mail
rPois    .         Reflect  .   (helmet restricted)
rElec    .         Harm     .   (no cloak)
rCorr    +         Rampage  .   (no gloves)
Will     .....                  (no boots)
Stlth    ..........             (no amulet)
HPRegen  0.10/turn              h - ring of resist corrosion
MPRegen  0.08/turn              (no ring)

@: on berserk cooldown, slowed, very slow
A: horns 2, retaliatory headbutt
a: Renounce Religion, Berserk, Trog's Hand


You were on level 2 of the Dungeon.
You worshipped Trog.
Trog was pleased with you.
You visited 1 branch of the dungeon, and saw 2 of its levels.

You collected 54 gold pieces.

Inventory:

Hand Weapons
 a - a +0 hand axe (weapon)
Armour
 g - a +0 ring mail (worn)
Jewellery
 h - a ring of resist corrosion (left hand)
Scrolls
 b - a scroll of teleportation {unknown}
 c - a scroll of noise {unknown}
Potions
 d - 2 potions of curing {unknown}
 e - a potion of lignification {unknown}
 f - a potion of magic {unknown}


   Skills:
 - Level 3.6 Fighting
 * Level 5.6 Axes
 - Level 2.4 Armour
 - Level 2.1 Dodging


You had 2 spell levels left.
You didn't know any spells.
Your spell library was empty.

Dungeon Overview and Level Annotations

Branches:
Dungeon (2/15)

Altars:

Annotations:
D:2 Robin


Innate Abilities, Weirdness & Mutations

You have a pair of horns on your head.
You reflexively headbutt those who attack you in melee.


Message History

The goblin unwields a +0 dagger.
The goblin wields a +0 hunting sling.
The goblin shoots a stone.
The stone hits you. Robin throws the goblin at you!
You miss the goblin. You barely miss the goblin.
The goblin no longer looks unusually strong.
The goblin barely misses you.
You barely miss the goblin. x2; The goblin unwields a +0 hunting sling.
The goblin wields a +0 dagger.
The goblin hits you but does no damage.
Robin roars a battlecry!
The goblin goes into a battle-frenzy!
You closely miss the goblin. Your headbutt misses the goblin.
You hit the goblin.
You kill the goblin!
Trog accepts your kill.
Robin says, "Bow before me, strongest of all the hobgoblins!"
The goblin hits you with a +0 dagger.
You slash the goblin!
You kill the goblin!
Trog accepts your kill.
You barely miss the hobgoblin.
The hobgoblin hits you but does no damage.
You closely miss the hobgoblin. You barely miss the hobgoblin.
The hobgoblin hits you but does no damage.
You closely miss the hobgoblin. The hobgoblin hits you.
* * * LOW HITPOINT WARNING * * *
You slash the hobgoblin!
You kill the hobgoblin!
Trog accepts your kill.
You slash Robin!
Robin is heavily wounded.
You hit Robin. Your headbutt misses Robin.
Robin is severely wounded.
Robin hits you with a +0 short sword.
* * * LOW HITPOINT WARNING * * *
You barely miss Robin.
Robin is severely wounded.
You are no longer berserk.
You are exhausted.
You feel yourself slow down. Robin hits you with a +0 short sword.
You die...

#.##.##......######
#.##
#.......####......#
#..# ##......#
#......# ##.#
#.#.##.# #......#
#.# #.#.##.#
#......# #.#
#.#)##.# #......#
#.# #.#.##.#
#.))...# #.#
#.#.##.# ###)####
#.# #......# #@#
(.. ###.#### #g#
... #.# #.# ... ...
..... #.... ##.#.#


You could see Robin.

Vanquished Creatures
  A dart slug (D:1)
  3 ball pythons (D:1)
  3 bats
  2 endoplasms (D:1)
  4 giant cockroaches (D:1)
  14 goblins
  5 hobgoblins
  A quokka (D:2)
  6 frilled lizards
  2 kobolds (D:1)
  2 rats (D:1)
43 creatures vanquished.

Notes
Turn   | Place    | Note
-------+----------+-------------------------------------------
     0 | D:1      | Malachi the Minotaur Berserker began the quest for the Orb.
     0 | D:1      | Reached XP level 1. HP: 19/19 MP: 0/0
    48 | D:1      | Reached skill level 4 in Axes
   164 | D:1      | Reached XP level 2. HP: 16/26 MP: 1/1
   524 | D:1      | Found a faded altar of an unknown god.
   819 | D:1      | Reached skill level 5 in Axes
   933 | D:1      | Reached XP level 3. HP: 31/31 MP: 2/2
  1433 | D:2      | Reached ** piety under Trog
  1463 | D:2      | Noticed Robin
  1490 | D:2      | Slain by Robin

Illustrated notes

Levels and vault maps discovered:
D:1:      dpeg_arrival_prison, layout_loops_ring,
          shapermc_ecumenical_altar_notcrosses, minivault_5, st_stairs_1
D:2:      layout_loops_cross, uniq_robin

Skill      XL: |  1  2 |
---------------+-------+-----
Axes           | 4 5 |  5.6
Fighting       | |  3.6
Armour         | |  2.4
Dodging        | |  2.1

Action                   || total
-------------------------++-------
Melee: Hand axe          ||    84
       Headbutt          ||     9
Invok: Berserk           ||     1
Armor: Animal skin       ||    10
       Ring mail         ||    19
Dodge: Dodged            ||    43
